[Event "Late-Titled-Tuesday-Blitz-April-02-2024"]
[Site "Chess.com"]
[Date "2024.04.02"]
[Round "5"]
[White "Darkdefense15"]
[Black "martinez_95"]
[Result "1-0"]
[WhiteElo "2375"]
[BlackElo "2150"]
[TimeControl "180+1"]
[EndTime "14:52:28 PDT"]
[Termination "Darkdefense15 won by resignation"]

1. d4 Nf6 2. Bf4 c5 3. dxc5 Nc6 4. Nf3 e6 5. Bd6 Bxd6 6. cxd6 O-O 7. Nbd2 e5 8. e4 Qb6 9. Bd3 Re8 10. Nc4 Qc5 11.
c3 b5 12. b4 Nxb4 13. cxb4 Qxb4+ 14. Ncd2 Qxd6 15. Bxb5 Nxe4 16. Nxe4 Qb4+ 17. Qd2 Qxe4+ 18. Be2 Ba6 19. Kf1 Bxe2+ 20. Qxe2 Qf4 21. g3 Qf5 22.
Kg2 e4 23. Nd4 Qd5 24. Qe3 Rab8 25. Nb3 Rb6 26. Rhd1 Qh5 27. h4 Rf6 28. Rxd7 Rf3 29. Qxe4 1-0

[Event "Late-Titled-Tuesday-Blitz-April-02-2024"]
[Site "Chess.com"]
[Date "2024.04.02"]
[Round "5"]
[White "TheMagician"]
[Black "Caracal3000"]
[Result "0-1"]
[WhiteElo "2306"]
[BlackElo "2546"]
[TimeControl "180+1"]
[EndTime "14:52:29 PDT"]
[Termination "Caracal3000 won on time"]

1. e4 e5 2. Nf3 Nc6 3. Bb5 a6 4. Ba4 Nf6 5. O-O b5 6. Bb3 Bc5 7. Re1 d6 8. c3 O-O 9. h3 Bb6 10. d3 h6 11. Nbd2 Ne7 12. a4 Rb8 13. axb5 axb5 14. Nf1 Ng6 15. Ne3 Re8 16. Nd5 Nxd5 17.
Bxd5 Be6 18. Bxe6 Rxe6 19. Be3 Bxe3 20. fxe3 Re8 21. Rf1 b4 22. c4 c5 23. b3 Ra8 24.
Kh2 Qb6 25. Qe2 Qb7 26. Rab1 Ra3 27. Rb2 Rea8 28. h4 Qe7 29. Qf2 Ra1 30. Rxa1 Rxa1 31. h5 Nf8 32. Qg3 Ne6 33. Kh3 Rh1+ 34. Kg4 Ng5 35. Nh4 Nh7 0-1

[Event "Late-Titled-Tuesday-Blitz-April-02-2024"]
[Site "Chess.com"]
[Date "2024.04.02"]
[Round "5"]
[White "Cluke86"]
[Black "AllStarShark"]
[Result "1/2-1/2"]
[WhiteElo "2331"]
[BlackElo "2522"]
[TimeControl "180+1"]
[EndTime "14:52:29 PDT"]
[Termination "Game drawn by repetition"]

1. e4 c5 2. Nc3 g6 3. f4 Bg7 4.
Nf3 d6 5. a4 Bg4 6. Bb5+ Nc6 7.
h3 Bxf3 8. Qxf3 Rc8 9. O-O Nf6 10.
e5 dxe5 11. fxe5 Qd4+ 12. Kh1 Qxe5 13. d3 O-O 14. Bxc6 Rxc6 15. Bf4 Qf5 16. Rae1 Nh5 17. Rxe7 Rf6 18. Be5 Qxf3 19. Rxf3 Rxf3 20. gxf3 Bxe5 21. Rxe5 Nf4 22. Rxc5 Nxh3 23. Rc7 Rb8 24. Kg2 Nf4+ 25. Kg3 Ne6 26. Rd7 h5 27. Nd5 Kg7 28. a5 g5 29. Ne3 Kg6 30. d4 f5 31. Rd6 f4+ 32.
Kg2 fxe3 33. Rxe6+ Kf5 34. Re5+ Kf4 35. Re4+ Kf5 36.
Re5+ Kf4 37. Re4+ Kf5 38. Re5+ 1/2-1/2

[Event "Late-Titled-Tuesday-Blitz-April-02-2024"]
[Site "Chess.com"]
[Date "2024.04.02"]
[Round "5"]
[White "DreamsAreFake"]
[Black "SultaiC"]
[Result "1-0"]
[WhiteElo "2751"]
[BlackElo "2520"]
[TimeControl "180+1"]
[EndTime "14:52:31 PDT"]
[Termination "DreamsAreFake won by resignation"]

1. Nf3 Nf6 2. g3 e6 3. Bg2 d5 4.
O-O Be7 5. b3 O-O 6. Bb2 c5 7. c4 Nc6 8. cxd5 exd5 9. e3 Re8 10.
d4 Bg4 11. h3 Bf5 12. Nc3 Rc8 13. dxc5 Bxc5 14. Na4 Be7 15. Rc1 Nb4 16. Nd4 Bg6 17.
a3 Nd3 18. Rxc8 Qxc8 19. b4 Qc4 20. Ba1 Ne4 21. Nb2 Nxb2 22. Bxb2 Bf6 23. Qa4 b5 24. Qxa7 h5 25. h4 Kh7 26. Ba1 Nd2 27. Rd1 Nb3 28.
Nxb3 Qxb3 29. Rf1 Bd3 30. Qxf7 Bg6 31. Qa7 Bxa1 32. Rxa1 Qc3 33. Qd4 Qc2 34. Qxd5 Rf8 35. Rf1 Bd3 36. Qxh5+ Kg8 37. Bd5+ 1-0

[Event "Late-Titled-Tuesday-Blitz-April-02-2024"]
[Site "Chess.com"]
[Date "2024.04.02"]
[Round "5"]
[White "KATPAH"]
[Black "cedchass2006"]
[Result "1-0"]
[WhiteElo "2675"]
[BlackElo "2417"]
[TimeControl "180+1"]
[EndTime "14:52:34 PDT"]
[Termination "KATPAH won on time"]

1. e4 e5 2. d4 exd4 3. c3 d5 4.
exd5 Qxd5 5. cxd4 Nc6 6. Nf3 Bg4 7. Be2 O-O-O 8. Nc3 Qd6 9. Be3 Nf6 10. O-O Bxf3 11.
Bxf3 Nxd4 12. Bxd4 Qxd4 13. Qb3 Qb6 14. Qxf7 Bb4 15. a3 Bd6 16. Rac1 Rd7 17. Qc4 a6 18. Rfd1 Rhd8 19. Ne4 Nxe4 20. Qxe4 Kb8 21. g3 c6 22. Qxh7 Rf8 23. Rd3 Rdf7 24. Kg2 Bc5 25. Rc2 g5 26. Qe4 Ka7 27. h3 Re7 28. Qc4 Re5 29. Rd7 Be7 30. Bxc6 1-0

[Event "Late-Titled-Tuesday-Blitz-April-02-2024"]
[Site "Chess.com"]
[Date "2024.04.02"]
[Round "5"]
[White "TigrVShlyape"]
[Black "NikitaShnadrygin"]
[Result "1/2-1/2"]
[WhiteElo "2943"]
[BlackElo "2672"]
[TimeControl "180+1"]
[EndTime "14:52:35 PDT"]
[Termination "Game drawn by repetition"]

1. d4 d5 2. Bf4 Nc6 3. e3 Bf5 4. a3 e6 5. c4 Bd6 6. cxd5 exd5 7. Bg3 Nf6 8. Nc3 O-O 9. Nf3 Ne7 10. Bh4 c6 11.
Bxf6 gxf6 12. Bd3 Bg6 13. O-O Kh8 14. Nh4 Rg8 15. g3 Qf8 16. Kh1 Qh6 17. Rg1 Rg7 18.
Qe2 Rag8 19. Qf1 Qh5 20. Be2 Qh6 21. Bf3 Nf5 22. Nxf5 Bxf5 23. Qe2 Bh3 24. Bg2 Bg4 25. Bf3 Bh3 26. Bg2 Bg4 27. Bf3 Bh3 1/2-1/2

[Event "Late-Titled-Tuesday-Blitz-April-02-2024"]
[Site "Chess.com"]
[Date "2024.04.02"]
[Round "5"]
[White "mightysmasher"]
[Black "KetiTsatsalashvili"]
[Result "1-0"]
[WhiteElo "2590"]
[BlackElo "2421"]
[TimeControl "180+1"]
[EndTime "14:52:35 PDT"]
[Termination "mightysmasher won by resignation"]

1. e4 c5 2. c3 d5 3. exd5 Qxd5 4.
d4 Nf6 5. Nf3 Bg4 6. Nbd2 e6 7.
Bc4 Qd8 8. Qb3 Qc7 9. Bb5+ Nbd7 10. O-O Be7 11. h3 Bxf3 12. Nxf3 O-O 13. Re1 cxd4 14. Nxd4 Nc5 15. Qc2 Rad8 16. Be3 a6 17. Bf1 Nd5 18. Bd2 Bf6 19. Nf3 b6 20. Bg5 b5 21. Rad1 h6 22.
Bxf6 Nxf6 23. Nd4 Nce4 24. Rxe4 Nxe4 25. Qxe4 e5 26. Bd3 g6 27. Nf3 Rfe8 28. Bc2 Rxd1+ 29.
Bxd1 Qc4 30. Qxc4 bxc4 31. Ba4 Rb8 32. b3 e4 33. Ne5 cxb3 34. Bxb3 Kg7 35. Kf1 f6 36.
Nc4 f5 37. Ke2 Kf6 38. Ne3 Ke5 39. Nc4+ Kf6 40. f3 exf3+ 41. Kxf3 g5 42. Ne3 Ke5 43.
Nc4+ Kf6 44. g4 f4 45. Nd2 Rd8 46. Ne4+ Ke5 47. Nf2 Rd2 48. c4 Kd4 49. c5 Kxc5 50. Ne4+ 1-0

[Event "Late-Titled-Tuesday-Blitz-April-02-2024"]
[Site "Chess.com"]
[Date "2024.04.02"]
[Round "5"]
[White "Rashad_Zeynalli"]
[Black "Mikayel99"]
[Result "1-0"]
[WhiteElo "2692"]
[BlackElo "2537"]
[TimeControl "180+1"]
[EndTime "14:52:38 PDT"]
[Termination "Rashad_Zeynalli won by resignation"]

1. d4 d5 2. Bf4 Nf6 3. e3 e6 4. Nf3 Bd6 5. Ne5 Nbd7 6. Nd2 O-O 7. Bd3 Qe7 8. g4 Ne8 9. g5 Bxe5 10. dxe5 c5 11.
c3 c4 12. Bc2 b5 13. Rg1 d4 14.
exd4 Bb7 15. Rg3 g6 16. Be4 Nb6 17. Bxb7 Qxb7 18. Qf3 Qxf3 19. Rxf3 Na4 20. b3 Nb6 21. bxc4 bxc4 22. Rb1 Nc7 23. Ne4 Ncd5 24. Bc1 Na4 25.
Rb7 a5 26. Ba3 Rab8 27. Ra7 Ra8 28. Rfxf7 Rxf7 29. Rxa8+ Kg7 30. Nf6 Rb7 31. Nxd5 exd5 32. e6 Nxc3 33. e7 Rb1+ 34. Kd2 Ne4+ 35. Kc2 1-0

[Event "Late-Titled-Tuesday-Blitz-April-02-2024"]
[Site "Chess.com"]
[Date "2024.04.02"]
[Round "5"]
[White "romulocardoso"]
[Black "Blackwhite017"]
[Result "1-0"]
[WhiteElo "2404"]
[BlackElo "2064"]
[TimeControl "180+1"]
[EndTime "14:52:38 PDT"]
[Termination "romulocardoso won on time"]

1. e4 c5 2. Nf3 Nc6 3. d4 cxd4 4. Nxd4 g6 5. Be3 Bg7 6. Nc3 Nf6 7. Bc4 O-O 8. f3 Qb6 9. Qd2 Nxe4 10. Nxc6 Bxc3 11. Nxe7+ Kh8 12. Qxc3+ Nxc3 13. Bxb6 axb6 14. bxc3 Re8 15. Kf2 Rxe7 16. Rhe1 Rxe1 17. Rxe1 d5 18. Bxd5 Bf5 19.
Bxf7 Kg7 20. Bd5 Rc8 21. Re7+ Kf6 22. Rf7+ Ke5 23. c4 Kd4 24. Rxb7 Bxc2 25. Rxb6 Rc5 26.
Rb7 h5 27. Re7 Ra5 28. Re2 Rxa2 29. Be4 1-0

[Event "Late-Titled-Tuesday-Blitz-April-02-2024"]
[Site "Chess.com"]
[Date "2024.04.02"]
[Round "5"]
[White "PNEPaul"]
[Black "ChempionBg"]
[Result "1-0"]
[WhiteElo "1975"]
[BlackElo "2257"]
[TimeControl "180+1"]
[EndTime "14:52:39 PDT"]
[Termination "PNEPaul won on time"]

1. e4 c5 2. Nf3 d6 3. d4 cxd4 4.
c3 dxc3 5. Nxc3 Nf6 6. Bc4 e6 7. O-O a6 8. a3 Be7 9. Qe2 Nbd7 10.
Rd1 Qa5 11. b4 Qc7 12. Bg5 O-O 13. Rac1 Ne5 14. Ba2 Qb8 15. Nd4 Bd7 16. f4 Nc6 17. Nf3 Rd8 18. Bb1 h6 19. Bh4 Ng4 20. Bxe7 Qa7+ 21.
Kf1 Ne3+ 22. Ke1 Nxd1 23. Nxd1 Nxe7 24. Qd3 Bb5 25. Qd2 Rac8 26. Rxc8 Nxc8 27. e5 Ne7 28.
exd6 Nd5 29. Qc2 Nf6 30. Qc7 Bc6 31. Qxd8+ Ne8 32. d7 1-0

[Event "Late-Titled-Tuesday-Blitz-April-02-2024"]
[Site "Chess.com"]
[Date "2024.04.02"]
[Round "5"]
[White "Mops_2004"]
[Black "anasta10"]
[Result "1-0"]
[WhiteElo "2805"]
[BlackElo "2580"]
[TimeControl "180+1"]
[EndTime "14:52:40 PDT"]
[Termination "Mops_2004 won by resignation"]

1. g3 Nf6 2. Bg2 g6 3. d4 Bg7 4.
e4 d6 5. Nc3 O-O 6. Nf3 Nc6 7.
d5 Nb8 8. O-O a5 9. a4 Na6 10.
Re1 Nc5 11. e5 dxe5 12. Nxe5 Bf5 13. g4 Bc8 14. h3 e6 15. Be3 Qe7 16. Qf3 Nxd5 17.
Nxd5 exd5 18. Qxd5 Na6 19. Nd3 Qf6 20. Qxa5 b6 21.
Qb5 Rb8 22. Bg5 Qd6 23. Be7 Qd4 24. c3 Qd7 25. Bxf8 Bxf8 26. Ne5 Qe6 27. Nc6 Qd6 28.
Nxb8 Nxb8 29. Rad1 Qf4 30. Re8 Bd7 31. Rxd7 Nxd7 32.
Qxd7 Qc1+ 33. Bf1 1-0

[Event "Late-Titled-Tuesday-Blitz-April-02-2024"]
[Site "Chess.com"]
[Date "2024.04.02"]
[Round "5"]
[White "Kotlyar_K"]
[Black "TanitoluwaAps116"]
[Result "1-0"]
[WhiteElo "2603"]
[BlackElo "2793"]
[TimeControl "180+1"]
[EndTime "14:52:41 PDT"]
[Termination "Kotlyar_K won on time"]

1. e4 c5 2. Nf3 e6 3. d4 cxd4 4. Nxd4 Nf6 5. Nc3 Nc6 6. Ndb5 d6 7. Bf4 e5 8. Bg5 a6 9. Na3 b5 10. Nd5 Be7 11. Bxf6 Bxf6 12. c3 Rb8 13. Nc2 Bg5 14. a4 bxa4 15. Ncb4 Nxb4 16. Nxb4 Bd7 17. Bxa6 O-O 18.
O-O Rb6 19. Bd3 g6 20. Bc2 Qa8 21. Bxa4 Bxa4 22. Rxa4 Qb7 23. Qg4 h6 24. Rfa1 Rb5 25. h4 Bd8 26. h5 g5 27. Ra7 Qb8 28. Nc6 Qb7 29. Rxb7 1-0

[Event "Late-Titled-Tuesday-Blitz-April-02-2024"]
[Site "Chess.com"]
[Date "2024.04.02"]
[Round "5"]
[White "fmcabralis"]
[Black "grandcoach"]
[Result "0-1"]
[WhiteElo "2394"]
[BlackElo "2243"]
[TimeControl "180+1"]
[EndTime "14:52:42 PDT"]
[Termination "grandcoach won by resignation"]

1. e4 c5 2. Nf3 Nc6 3. d4 cxd4 4. Nxd4 e5 5. Nb5 d6 6. N1c3 a6 7. Na3 b5 8. Nd5 Nge7 9. c4 Nxd5 10. Qxd5 Bd7 11. cxb5 Nd4 12. bxa6 Bc6 13. Qc4 Bxe4 14. Be3 d5 15. Qa4+ Qd7 16. Bxd4 Qxa4 17. Bb5+ Qxb5 18.
Nxb5 Bb4+ 19. Bc3 Bxc3+ 20. bxc3 Kd7 21. a7 Kc6 22. a4 Bd3 23. Kd2 Bc4 24. Rhb1 Rhd8 25.
Ke3 Rd7 26. g3 Rb7 27. f4 f6 28. fxe5 fxe5 29. Rb4 Bxb5 30. axb5+ Rxb5 31. Ra6+ Kc5 32. Rxb5+ Kxb5 33. Rc6 Kxc6 0-1

[Event "Late-Titled-Tuesday-Blitz-April-02-2024"]
[Site "Chess.com"]
[Date "2024.04.02"]
[Round "5"]
[White "Oleksandr_Bortnyk"]
[Black "IMRosen"]
[Result "1-0"]
[WhiteElo "3049"]
[BlackElo "2676"]
[TimeControl "180+1"]
[EndTime "14:52:43 PDT"]
[Termination "Oleksandr_Bortnyk won on time"]

1. e4 c5 2. Be2 Nc6 3. d3 g6 4. f4 Bg7 5. Nf3 d6 6. c3 Nf6 7. Be3 O-O 8. Nbd2 Rb8 9. h3 b5 10.
O-O b4 11. d4 bxc3 12. bxc3 cxd4 13. cxd4 Qa5 14. Nc4 Qb4 15. Bd2 Qb7 16. d5 Nxe4 17. dxc6 Qxc6 18. Rc1 Ba6 19. Kh2 Qd7 20. Be1 Rfc8 21.
Nce5 Qb7 22. Rxc8+ Rxc8 23. Ng4 h5 24. Ne3 Bxe2 25. Qxe2 Qb6 26. Nd5 1-0

[Event "Late-Titled-Tuesday-Blitz-April-02-2024"]
[Site "Chess.com"]
[Date "2024.04.02"]
[Round "5"]
[White "Good_Knight_Kiss"]
[Black "Rodalquilar"]
[Result "0-1"]
[WhiteElo "2507"]
[BlackElo "2738"]
[TimeControl "180+1"]
[EndTime "14:52:43 PDT"]
[Termination "Rodalquilar won on time"]

1. e4 d5 2. exd5 Qxd5 3. Nc3 Qa5 4. Bc4 Nf6 5. d3 Bg4 6. f3 Bd7 7. Bd2 Qb6 8. f4 Nc6 9. Nf3 Nd4 10. Nxd4 Qxd4 11. Qe2 Bg4 12. Qe3 Qxe3+ 13. Bxe3 c6 14. h3 Bc8 15. O-O-O h5 16. Ne4 h4 17. Ng5 e6 18. Rhe1 Be7 19. f5 Nd5 20. Bxd5 cxd5 21. fxe6 Bxe6 22. Nxe6 fxe6 23. Bd4 Kf7 24. Rf1+ Bf6 25.
Rde1 Rae8 26. Kd2 Rh5 27. Bxa7 Ra8 28. Bf2 Rxa2 29. b3 Rg5 30. Bxh4 Rxg2+ 31. Ke3 Raxc2 32. Bxf6 gxf6 0-1

[Event "Late-Titled-Tuesday-Blitz-April-02-2024"]
[Site "Chess.com"]
[Date "2024.04.02"]
[Round "5"]
[White "ricaurtelopezj1955"]
[Black "N_I_Chess"]
[Result "1-0"]
[WhiteElo "2182"]
[BlackElo "2367"]
[TimeControl "180+1"]
[EndTime "14:52:43 PDT"]
[Termination "ricaurtelopezj1955 won by resignation"]

1. e4 Nf6 2. e5 Nd5 3. d4 d6 4. c4 Nb6 5. f4 dxe5 6. fxe5 g6 7. Nc3 Bg7 8. Be3 O-O 9. Qd2 c5 10. d5 Bxe5 11. Nf3 Bg7 12. Bxc5 N8d7 13. Bd4 Nf6 14.
O-O-O Bf5 15. Bd3 Bxd3 16. Qxd3 Rc8 17. b3 Nbd7 18. Kb1 Nc5 19. Qe2 a6 20. Rhe1 Re8 21. Ne5 b5 22. Nc6 Qd6 23. Nxe7+ Kh8 24. Nxc8 Qd8 25. Nd6 Rf8 26. Bxc5 Kg8 27. Qe7 Qa8 28. Bd4 bxc4 29. Bxf6 1-0

[Event "Late-Titled-Tuesday-Blitz-April-02-2024"]
[Site "Chess.com"]
[Date "2024.04.02"]
[Round "5"]
[White "Sanyura"]
[Black "esrosenberg"]
[Result "1-0"]
[WhiteElo "2618"]
[BlackElo "2449"]
[TimeControl "180+1"]
[EndTime "14:52:45 PDT"]
[Termination "Sanyura won by resignation"]

1. e4 c5 2. Nf3 e6 3. d4 cxd4 4. Nxd4 Nf6 5. Nc3 Nc6 6. Ndb5 Bb4 7. a3 Bxc3+ 8. Nxc3 d5 9. exd5 exd5 10. Bd3 O-O 11. O-O Bg4 12. f3 Bh5 13. Bg5 Qb6+ 14. Kh1 Ne4 15.
Nxe4 dxe4 16. Bxe4 Qxb2 17. Rb1 Qxa3 18. Rxb7 Rac8 19.
Qd7 Ne5 20. Qf5 Ng6 21. Qh3 h6 22. Qxh5 hxg5 23. Rxf7 Rxf7 24. Bxg6 Rfc7 25. Qh7+ Kf8 26. Qh8+ Ke7 27. Qxg7+ Kd6 28. Qd4+ Kc6 29. Be4+ Kb5 30. Rb1+ Ka5 31. Bb7 Rxb7 32. Qd5+ Rc5 33. Qxb7 a6 34.
Qb6+ Ka4 35. Qxa6+ Ra5 36. Qc4+ 1-0

[Event "Late-Titled-Tuesday-Blitz-April-02-2024"]
[Site "Chess.com"]
[Date "2024.04.02"]
[Round "5"]
[White "stasOR4ik"]
[Black "Squirlolz"]
[Result "1-0"]
[WhiteElo "2431"]
[BlackElo "2571"]
[TimeControl "180+1"]
[EndTime "14:52:45 PDT"]
[Termination "stasOR4ik won by checkmate"]

1. e4 d6 2. c4 Nf6 3. Nc3 c5 4. g3 g6 5. Bg2 Bg7 6. Nge2 O-O 7. O-O Nc6 8. a3 a5 9. d3 Nd7 10. Nb5 b6 11. Rb1 Bb7 12. Bg5 Rc8 13. Nxd6 Rb8 14. Nxb7 Rxb7 15. e5 Rc7 16. e6 fxe6 17. Nf4 Nd4 18.
Nxe6 Nxe6 19. Bd5 Kh8 20. Bxe6 Ne5 21. Bd5 Qd6 22. f4 Ng4 23. Qxg4 Rf5 24. Rbe1 Rxd5 25. cxd5 Qxd5 26. Qf3 Qd6 27. Kg2 h6 28. Bh4 c4 29.
dxc4 Rxc4 30. Rxe7 g5 31. Re8+ Kh7 32. fxg5 Rc2+ 33.
Re2 Rxe2+ 34. Qxe2 hxg5 35. Qe4+ Kh6 36. Bxg5+ Kxg5 37.
Rf5+ Kh6 38. Qh4+ Kg6 39. Qh5# 1-0

[Event "Late-Titled-Tuesday-Blitz-April-02-2024"]
[Site "Chess.com"]
[Date "2024.04.02"]
[Round "5"]
[White "Inepton_Fermion"]
[Black "expii"]
[Result "1-0"]
[WhiteElo "2456"]
[BlackElo "2226"]
[TimeControl "180+1"]
[EndTime "14:52:46 PDT"]
[Termination "Inepton_Fermion won by resignation"]

1. d4 d5 2. Nc3 e6 3. e4 c5 4. exd5 exd5 5. Nf3 Nc6 6. Be3 Nf6 7.
dxc5 Bg4 8. Bb5 Rc8 9. h3 Be6 10. O-O Be7 11. b4 a6 12. Bxc6+ bxc6 13. Ne2 O-O 14. c3 Ne4 15. Bd4 Bf6 16. Ne5 Re8 17. f3 Bxe5 18. Bxe5 Nf6 19. Bd4 Qe7 20. Nf4 h6 21.
Qd3 Nd7 22. Qxa6 Bf5 23. Rae1 Qf8 24. g4 Bg6 25. Kh2 Rxe1 26. Rxe1 Re8 27. Re2 Rxe2+ 28. Qxe2 Qe7 29. Qxe7 1-0

[Event "Late-Titled-Tuesday-Blitz-April-02-2024"]
[Site "Chess.com"]
[Date "2024.04.02"]
[Round "5"]
[White "Zavgorodniy_Sergiy"]
[Black "jaskol95"]
[Result "1-0"]
[WhiteElo "2643"]
[BlackElo "2532"]
[TimeControl "180+1"]
[EndTime "14:52:47 PDT"]
[Termination "Zavgorodniy_Sergiy won by checkmate"]

1. d4 d5 2. c4 c6 3. e3 Nf6 4. Bd3 e6 5. Nd2 Nbd7 6. Ngf3 Bd6 7. O-O O-O 8. e4 dxe4 9. Nxe4 Nxe4 10. Bxe4 Nf6 11.
Bc2 h6 12. b3 b6 13. Bb2 Bb7 14. Qd3 Re8 15. Rad1 Be7 16. Ne5 c5 17. Qh3 cxd4 18. Rxd4 Qc7 19. Re1 Rad8 20. Nxf7 Kxf7 21. Qxe6+ Kf8 22. Bg6 Bd6 23. Bxe8 Rxe8 24. Rxd6 Rxe6 25.
Rdxe6 Kf7 26. Ba3 Kg6 27. Re7 Qc6 28. f3 Bc8 29. Rxa7 b5 30. Ree7 bxc4 31. Rxg7+ Kf5 32. Ra5+ Kf4 33. Bc1# 1-0

[Event "Late-Titled-Tuesday-Blitz-April-02-2024"]
[Site "Chess.com"]
[Date "2024.04.02"]
[Round "5"]
[White "lilylg"]
[Black "XDPS"]
[Result "0-1"]
[WhiteElo "2232"]
[BlackElo "2913"]
[TimeControl "180+1"]
[EndTime "14:52:49 PDT"]
[Termination "XDPS won by resignation"]

1. d4 d5 2. c4 e6 3. Nf3 Nf6 4.
g3 Bd6 5. Bg2 h6 6. O-O O-O 7.
Nc3 Nc6 8. cxd5 exd5 9. Bf4 Bxf4 10. gxf4 Ne7 11. e3 c6 12. Ne5 Nf5 13. Kh1 Nd6 14. Rg1 Bf5 15. Bf3 Qe7 16. Qf1 Nfe4 17. Qg2 f6 18. Ng4 Kh8 19. Nxe4 Nxe4 20. Bxe4 Bxe4 21.
f3 Bh7 22. Rae1 Rae8 23. Qh3 Qd7 24. Qh4 Bf5 25. Rg3 Bxg4 26. fxg4 Re4 27. g5 fxg5 28.
Rxg5 Qe7 29. Rh5 Rfxf4 30. Qxe7 Rxe7 31. exf4 Rxe1+ 32. Kg2 Re4 33. Kf3 Rxd4 34. Re5 Rd2 35. h4 Rxb2 36. Kg4 Rxa2 37. Kf5 Kh7 38. Re7 Rb2 39.
Kg4 Rb4 40. Kg3 Kg6 41. Re6+ Kf7 42. f5 a5 43. Rd6 a4 44. Rd7+ Kf6 0-1

[Event "Late-Titled-Tuesday-Blitz-April-02-2024"]
[Site "Chess.com"]
[Date "2024.04.02"]
[Round "5"]
[White "Godzillator"]
[Black "Juicy_Fork"]
[Result "1-0"]
[WhiteElo "2399"]
[BlackElo "2540"]
[TimeControl "180+1"]
[EndTime "14:52:49 PDT"]
[Termination "Godzillator won on time"]

1. Nf3 Nf6 2. c4 g6 3. b3 Bg7 4. Bb2 O-O 5. g3 b6 6. Bg2 Bb7 7. O-O d6 8. d4 Nbd7 9. Nbd2 Re8 10. d5 e6 11. dxe6 Rxe6 12. e3 Nc5 13. Qc2 d5 14. Rad1 Qe8 15. cxd5 Bxd5 16. Nc4 Rd8 17. b4 Nce4 18.
Nd4 Re7 19. b5 Ng4 20. Nc6 Bxc6 21. Rxd8 Qxd8 22. bxc6 Nc5 23. Bxg7 Kxg7 24. Rd1 Qe8 25. h3 Ne5 26. Nxe5 Rxe5 27. Qc3 f6 28. Qd4 Re6 29.
Qd8 Qxd8 30. Rxd8 a5 31. g4 a4 32. a3 b5 33. Rb8 Rd6 34. Rxb5 Rd1+ 35. Kh2 Nd3 36.
Kg3 Rd2 37. Rb7 1-0

[Event "Late-Titled-Tuesday-Blitz-April-02-2024"]
[Site "Chess.com"]
[Date "2024.04.02"]
[Round "5"]
[White "Sesleria"]
[Black "steepedgames"]
[Result "0-1"]
[WhiteElo "2148"]
[BlackElo "2523"]
[TimeControl "180+1"]
[EndTime "14:52:49 PDT"]
[Termination "steepedgames won by resignation"]

1. c4 f5 2. e4 fxe4 3. d3 exd3 4.
Bxd3 Nf6 5. g4 d6 6. g5 Ng4 7. g6 h6 8. Nf3 Nc6 9. Bf4 e5 10. Qe2 Qf6 11. Nc3 Be6 12. Nd5 Bxd5 13. cxd5 Qxf4 14.
dxc6 bxc6 15. h3 Nf6 16. Rg1 e4 17. Nd4 Qe5 18. Nxc6 exd3 19. Nxe5 dxe2 20. Nf7 Rg8 21. Rg3 Kd7 22. Rc1 Be7 23. Rd3 Rgc8 24. Ne5+ Ke8 25. Nc6 Kf8 26. Re3 Re8 27. Rf3 d5 28. a3 Bd6 29. Rcc3 Re4 30. b4 a6 31. Na5 Rae8 32. Nb3 R8e7 33. Nd2 Be5 34. Nxe4 dxe4 35. Rxf6+ Bxf6 36.
Rc6 Rd7 0-1

[Event "Late-Titled-Tuesday-Blitz-April-02-2024"]
[Site "Chess.com"]
[Date "2024.04.02"]
[Round "5"]
[White "Hirna2005"]
[Black "DeArron_Fox"]
[Result "0-1"]
[WhiteElo "2324"]
[BlackElo "2533"]
[TimeControl "180+1"]
[EndTime "14:52:50 PDT"]
[Termination "DeArron_Fox won on time"]

1. e4 c5 2. c3 d5 3. exd5 Qxd5 4. Nf3 Nf6 5. Na3 e6 6. Bc4 Qd8 7. O-O a6 8. d4 b5 9. Bd3 Bb7 10. Nc2 Nbd7 11. a4 b4 12. Bf4 Be7 13. Qe2 O-O 14.
dxc5 bxc3 15. bxc3 Nxc5 16. Bc4 Nd5 17. Bd2 Bf6 18.
Rfd1 Qe7 19. Ncd4 Rac8 20. Ne5 Ne4 21. Qxe4 Nxc3 22. Ndc6 Nxe4 23. Nxe7+ Bxe7 24. Ba5 Bf6 25. Nd7 Bxa1 26. Nxf8 Kxf8 27. Bb4+ Ke8 28. Bd3 Bb2 0-1

[Event "Late-Titled-Tuesday-Blitz-April-02-2024"]
[Site "Chess.com"]
[Date "2024.04.02"]
[Round "5"]
[White "zverr1"]
[Black "Gabcur"]
[Result "0-1"]
[WhiteElo "2533"]
[BlackElo "2350"]
[TimeControl "180+1"]
[EndTime "14:52:51 PDT"]
[Termination "Gabcur won on time"]

1. e4 e6 2. d4 d5 3. Nc3 Bb4 4. Ne2 dxe4 5. a3 Bxc3+ 6. Nxc3 Nc6 7. d5 exd5 8. Qxd5 Be6 9. Qxe4 Nf6 10. Qh4 Qe7 11.
Bg5 O-O-O 12. Be2 Nd4 13. O-O-O Nxe2+ 14. Nxe2 Bf5 15. Bxf6 Qxe2 16. Qa4 gxf6 17. Rhe1 Rxd1+ 18. Rxd1 Qxf2 19. g4 Be6 20. Qe4 Qxh2 21. b3 Qe5 22. Qf3 Qa1+ 23. Kd2 Rd8+ 0-1

[Event "Late-Titled-Tuesday-Blitz-April-02-2024"]
[Site "Chess.com"]
[Date "2024.04.02"]
[Round "5"]
[White "Vahe_Danielyan"]
[Black "Slovineanu"]
[Result "1-0"]
[WhiteElo "2648"]
[BlackElo "2463"]
[TimeControl "180+1"]
[EndTime "14:52:52 PDT"]
[Termination "Vahe_Danielyan won on time"]

1. d4 Nf6 2. c4 e6 3. Nf3 d5 4.
cxd5 exd5 5. Nc3 c6 6. Bg5 Be7 7. Qc2 g6 8. e4 dxe4 9. Nxe4 Bf5 10. Bxf6 Bxf6 11. Nxf6+ Qxf6 12. Bd3 Bxd3 13. Qxd3 O-O 14. O-O Nd7 15. Qb3 Nb6 16. Rad1 Rad8 17. h3 Rd5 18.
Rfe1 Rfd8 19. a4 Kg7 20. Ra1 R5d7 21. a5 Nd5 22. Ne5 Re7 23. g3 Rde8 24. a6 b6 25. Rec1 Re6 26. Rc2 Ne7 27. Rd1 Qf5 28. Rc3 Qxh3 29.
Rf3 Rf8 30. Rc1 f6 31. g4 Qh6 32. Qxe6 Qxc1+ 33. Kg2 Ng8 34. Qd7+ Kh8 35. Rh3 Nh6 36. Qe7 Kg8 37. Nd7 Rf7 38. Nxf6+ Kg7 39. Qe5 Nxg4 40. Nxg4+ 1-0

[Event "Late-Titled-Tuesday-Blitz-April-02-2024"]
[Site "Chess.com"]
[Date "2024.04.02"]
[Round "5"]
[White "AlexeiShirov"]
[Black "carloseduar100"]
[Result "1/2-1/2"]
[WhiteElo "2790"]
[BlackElo "2221"]
[TimeControl "180+1"]
[EndTime "14:52:52 PDT"]
[Termination "Game drawn by repetition"]

1. e4 e6 2. d4 d5 3. e5 c5 4. c3 Nc6 5. Nf3 Qb6 6. Bd3 Bd7 7. O-O cxd4 8. Re1 g6 9. cxd4 Nxd4 10. Nxd4 Qxd4 11. Nc3 a6 12. Be3 Qb4 13. a3 Qe7 14. Na4 Bg7 15. Nb6 Rd8 16. Rc1 Bc6 17. Bc5 Qg5 18. Qe2 Ne7 19. b4 Nf5 20. g3 h5 21. f4 Qg4 22. a4 d4 23. Qxg4 hxg4 24. b5 axb5 25. axb5 Bf3 26. Nc4 Kd7 27. Bxf5 gxf5 28.
Nd6 Rxh2 29. Kxh2 Rh8+ 30. Kg1 Rh1+ 31. Kf2 Rh2+ 32. Kf1 Rh1+ 33. Kf2 Rh2+ 34. Kg1 Rh1+ 35. Kf2 1/2-1/2

[Event "Late-Titled-Tuesday-Blitz-April-02-2024"]
[Site "Chess.com"]
[Date "2024.04.02"]
[Round "5"]
[White "Resignify"]
[Black "simaopdias"]
[Result "0-1"]
[WhiteElo "2236"]
[BlackElo "2324"]
[TimeControl "180+1"]
[EndTime "14:52:56 PDT"]
[Termination "simaopdias won on time"]

1. e4 c5 2. Nc3 g6 3. g3 Nc6 4. Bg2 Bg7 5. d3 Nf6 6. f4 O-O 7. Nf3 e6 8. e5 Ng4 9. h3 Nh6 10.
Be3 d6 11. exd6 Qxd6 12. Ne4 Qc7 13. Bxc5 Rd8 14. c3 e5 15. O-O exf4 16. gxf4 Nf5 17. Qd2 b6 18. Bf2 Bb7 19. Rae1 Rd7 20. d4 Rad8 21. Qc2 Na5 22. Ne5 Re7 23. Kh1 Nc4 24.
Nxc4 Qxc4 25. Nd2 Bxg2+ 26. Kxg2 Qd5+ 27. Kh2 Rde8 28. Rxe7 Rxe7 29. c4 Qd6 30. Bg1 Nxd4 31. Qd3 Qf6 32. Rf2 Rd7 33. b3 Qc6 34. Ne4 f5 35. Ng5 h6 36. Rd2 hxg5 37. Bxd4 gxf4 38. Qc3 Bf8 0-1